AoeStats
← Carloscba6669

Black Forest

510360747Analyzed
2v2 RM · 2d ago on Sep 30, 2026· 53m 34s· 4 players
Game mode
Random Map
Map size
Medium (4 player)
Population
200
Speed
Normal
Resources
Standard
Victory
Conquest
Starting age
Dark Age
Ending age
Imperial Age
RankedLock teamsTeams togetherTeam positionsShared explorationLock speedFull tech treeHidden civsTurbo modeCheats
Victory
Defeat
🇳🇱 Persians · Netherlands
1025
+12
🇹🇷 Poles · Türkiye
975
+14
🇦🇷 Goths · Argentina
958
-14
🇪🇸 Danes · Spain
901
-12
cihadyetim
0:49 Loom
13:24 Feudal Age
18:01 Castle Age
20:36 Wheelbarrow
21:02 Double-Bit Axe
25:34 Wheelbarrow
25:40 Bow Saw
25:14 Horse Collar
25:28 Gold Mining
25:42 Caravan
29:12 Szlachta Privileges
31:13 Hand Cart
32:07 Husbandry
32:18 Bloodlines
32:26 Forging
32:23 Scale Barding Armor
36:09 Imperial Age
36:43 Fletching
37:14 Chain Barding Armor
37:30 Iron Casting
38:16 Chemistry
37:37 Ballistics
37:23 Cavalier
42:11 Blast Furnace
44:07 Man-at-Arms
45:13 Squires
44:59 Arson
44:58 Long Swordsman
46:19 Two-Handed Swordsman
48:50 Scale Mail Armor
RogerFDM
0:41 Loom
10:57 Feudal Age
12:13 Wheelbarrow
11:48 Double-Bit Axe
13:42 Town Watch
19:00 Castle Age
17:26 Stone Mining
19:17 Horse Collar
23:31 Bow Saw
25:25 Heavy Plow
26:05 Fletching
27:27 Bodkin Arrow
27:45 Gold Mining
29:58 Hand Cart
30:33 Scale Barding Armor
30:39 Forging
31:36 Gold Shaft Mining
34:24 Imperial Age
33:10 Iron Casting
32:58 Ballistics
33:10 Bloodlines
33:01 Husbandry
33:53 Stone Shaft Mining
33:38 Murder Holes
33:54 Masonry
33:58 Caravan
33:32 Light Cavalry
35:21 Conscription
36:06 Crop Rotation
35:59 Chain Barding Armor
36:40 Blast Furnace
35:55 Citadels
37:08 Hoardings
35:59 Hussar
37:52 Architecture
38:23 Chemistry
38:08 Plate Barding Armor
37:37 Padded Archer Armor
37:38 Scale Mail Armor
38:59 Two-Man Saw
38:11 Elite War Elephant
38:26 Capped Ram
40:09 Kamandaran
41:16 Leather Archer Armor
41:17 Chain Mail Armor
41:49 Crossbowman
42:37 Thumb Ring
Carloscba6669
1:15 Loom
12:41 Feudal Age
18:05 Castle Age
16:56 Double-Bit Axe
19:57 Gambesons
22:32 Horse Collar
26:01 Wheelbarrow
25:40 Heavy Plow
26:08 Stone Mining
26:52 Town Watch
27:32 Bow Saw
28:01 Gold Mining
31:33 Murder Holes
31:55 Squires
31:16 Pikeman
35:33 Imperial Age
34:08 Forging
33:59 Scale Mail Armor
36:23 Iron Casting
36:04 Chain Mail Armor
37:10 Hand Cart
37:41 Gold Shaft Mining
37:43 Stone Shaft Mining
37:16 Heavy Scorpion
40:10 Chemistry
39:32 Ballistics
40:51 Siege Engineers
40:34 Halberdier
41:33 Town Patrol
43:24 Conscription
45:45 Plate Mail Armor
46:16 Blast Furnace
benitezamir
0:50 Loom
11:15 Feudal Age
11:55 Double-Bit Axe
12:02 Man-at-Arms
16:23 Forging
21:51 Castle Age
21:56 Scale Mail Armor
22:46 Horse Collar
24:41 Wheelbarrow
23:40 Long Swordsman
30:33 Bow Saw
35:02 Imperial Age
32:26 Gold Mining
33:06 Heavy Plow
33:16 Fletching
34:44 Iron Casting
34:25 Chain Mail Armor
34:33 Bodkin Arrow
34:40 Padded Archer Armor
34:53 Elite Skirmisher
37:41 Bracer
37:57 Leather Archer Armor
38:37 Ballistics
40:01 Chemistry
39:32 Anarchy
41:05 Ring Archer Armor
41:36 Blast Furnace
41:35 Pikeman
42:16 Squires
42:12 Halberdier
43:16 Perfusion
47:23 Two-Handed Swordsman
52:03 Champion
Connection lost

Rejoining the realm…

Still unreachable

The connection could not be restored.

Session expired

The server has moved on; the page needs a fresh start.